 Dungeon Crawl Stone Soup version 0.32-a0-35-gd9ff480968 (webtiles) character file.

Game seed: 2602824330099057476

77 pokeman the Magician (level 4, -1/25 HPs)
             Began as a Deep Elf Hedge Wizard on Jan 22, 2024.
             Slain by an ice beast (14 damage)
             ... on level 3 of the Dungeon.
             The game lasted 00:03:24 (2134 turns).

pokeman the Magician (Deep Elf Hedge Wizard)        Turns: 2134, Time: 00:03:24

Health: -1/25      AC:  2    Str:  7    XL:     4   Next: 13%
Magic:  0/13       EV: 12    Int: 21    God:
Gold:   72         SH:  0    Dex: 14    Spells: 3/14 levels left

rFire   + + .        o - +3 whip "San Rouxel" {elec, rElec rF++ rCorr SInv}
rCold   . . .        (no shield)
rNeg    . . .        b - +0 robe
rPois   .            c - +0 hat
rElec   +            (no cloak)
rCorr   +            (no gloves)
SInv    +            (no boots)
Will    .....        (no amulet)
Stlth   ++           (no ring)
HPRegen 0.24/turn    (no ring)
MPRegen 0.13/turn

%: no passive effects
@: no status effects
A: no striking features
a: no special abilities


You were on level 3 of the Dungeon.
You visited 1 branch of the dungeon, and saw 3 of its levels.

You collected 72 gold pieces.

Inventory:

Hand Weapons
 k - a +2 sling of draining
 o - the +3 whip "San Rouxel" (weapon) {elec, rElec rF++ rCorr SInv}
   (You found it on level 2 of the Dungeon)

   rF++:      It greatly protects you from fire.
   rElec:     It insulates you from electricity.
   SInv:      It lets you see invisible.
   rCorr:     It protects you from acid and corrosion.
Armour
 b - a +0 robe (worn)
 c - a +0 hat (worn)
Scrolls
 e - a scroll of brand weapon {unknown}
 g - 4 scrolls of identify {unknown}
 i - a scroll of immolation {unknown}
 l - a scroll of blinking {unknown}
 m - a scroll of vulnerability {unknown}
 n - a scroll of amnesia {unknown}
 q - a scroll of enchant armour {unknown}
Potions
 a - a potion of curing {unknown}
 d - a potion of magic
 f - a potion of lignification {unknown}
 h - a potion of attraction {unknown}
 j - a potion of resistance {unknown}
 p - a potion of cancellation {unknown}


   Skills:
 - Level 1.0 Fighting
 - Level 1.0 Armour
 + Level 2.6 Dodging
 + Level 2.6 Stealth
 * Level 5.5 Spellcasting
 + Level 2.1 Conjurations
 - Level 1.1 Summonings
 - Level 1.1 Translocations


You had 3 spell levels left.
You knew the following spells:

 Your Spells              Type           Power      Damage    Failure   Level
a - Magic Dart            Conj           56%        1d5       4%          1
b - Mephitic Cloud        Conj/Alch/Air  8%         N/A       22%         3
c - Call Imp              Summ           20%        N/A       10%         2
d - Blink                 Tloc           20%        N/A       10%         2
e - Stone Arrow           Conj/Erth      20%        3d8       21%         3

Your spell library contained the following spells:

 Spells                   Type           Power      Damage    Failure   Level
 Sandblast                Erth           10%        2d5       11%         1
 Slow                     Hex            20%        N/A       11%         1
 Cigotuvi's Dreadful Rot  Necr/Alch/Air  10%        N/A       16%         2
 Confusing Touch          Hex            5%         N/A       30%         3
 Passwall                 Erth           5%         N/A       30%         3
 Sigil of Binding         Hex            5%         N/A       30%         3
 Vampiric Draining        Necr           5%         2d6       30%         3
 Brom's Barrelling Bould  Conj/Erth      10%        2d3       54%         4


Dungeon Overview and Level Annotations

Branches:
Dungeon (3/15)

Altars:


Message History

The ice beast is lightly wounded.
Casting: Magic Dart (safe; 4% risk of failure)
Confirm with . or Enter, or press ? or * to list all spells.
Okay, then.
Unknown command.
Casting: Stone Arrow (extremely dangerous; 21% risk of failure)
Confirm with . or Enter, or press ? or * to list all spells.
Aiming: Stone Arrow (extremely dangerous; 21% risk of failure)
Press: ? - help, Shift-Dir - straight line, f/p - ice beast
Aim: an ice beast (lightly wounded, 68% to hit)
The stone arrow hits the ice beast!
The ice beast is heavily wounded.
Unknown command.
Casting: Stone Arrow (extremely dangerous; 21% risk of failure)
Confirm with . or Enter, or press ? or * to list all spells.
Aiming: Stone Arrow (extremely dangerous; 21% risk of failure)
Press: ? - help, Shift-Dir - straight line, f/p - ice beast
Aim: an ice beast (heavily wounded, 68% to hit)
The stone arrow misses the ice beast.
Unknown command.
Casting: Stone Arrow (extremely dangerous; 21% risk of failure)
Confirm with . or Enter, or press ? or * to list all spells.
Aiming: Stone Arrow (extremely dangerous; 21% risk of failure)
Press: ? - help, Shift-Dir - straight line, f/p - ice beast
Aim: an ice beast (heavily wounded, 68% to hit)
The stone arrow misses the ice beast.
The ice beast hits you. The ice beast freezes you!
Unknown command.
Casting: Stone Arrow (extremely dangerous; 21% risk of failure)
Confirm with . or Enter, or press ? or * to list all spells.
You don't have enough magic to cast this spell.
You hit the ice beast.
The ice beast is severely wounded.
The ice beast closely misses you.
Casting: Stone Arrow (extremely dangerous; 21% risk of failure)
Confirm with . or Enter, or press ? or * to list all spells.
A tiny devil pulls itself out of the air.
The ice beast hits you. The ice beast freezes you!
Ouch! That really hurt!
You die...

#.......#.........
#......<#.#.......
+.................
#.......#.........
#.......#.........
#.......#.........
###+###+#.........
#.##..)..####...
#.Y@5.)..# .##
.....###.....# .
... #......... .
#......#..
#......# ..
......... .
...........
...........


You could see an ice beast (ally target) and a friendly cerulean imp (summoned).

Vanquished Creatures
  2 adders (D:2)
  A dart slug (D:1)
  A ribbon worm (D:2)
  4 endoplasms
  A giant cockroach (D:1)
  A goblin (D:1)
  5 hobgoblins
  9 jackals
  2 quokkas
  4 ball pythons
  6 bats
  3 frilled lizards
  5 kobolds
  9 rats
53 creatures vanquished.

Notes
Turn   | Place    | Note
-------+----------+-------------------------------------------
     0 | D:1      | pokeman the Deep Elf Hedge Wizard began the quest for the
                  | Orb.
     0 | D:1      | Reached XP level 1. HP: 10/10 MP: 7/7
   158 | D:1      | Reached XP level 2. HP: 16/16 MP: 1/9
  1006 | D:1      | Reached skill level 5 in Spellcasting
  1304 | D:2      | Reached XP level 3. HP: 20/20 MP: 11/11
  1310 | D:2      | Learned a level 3 spell: Mephitic Cloud
  1313 | D:2      | Learned a level 2 spell: Call Imp
  1316 | D:2      | Learned a level 2 spell: Blink
  1393 | D:2      | Learned a level 3 spell: Stone Arrow
  1577 | D:2      | Reached skill level 1 in Fighting
  1628 | D:2      | Reached skill level 1 in Armour
  1712 | D:2      | Identified the +3 whip "San Rouxel" {elec, rElec rF++ rCorr
                  | SInv}
  1980 | D:2      | Reached XP level 4. HP: 25/25 MP: 6/13
  2125 | D:3      | Noticed an ice beast
  2134 | D:3      | Slain by an ice beast

Illustrated notes

Levels and vault maps discovered:
D:1:      psy_arrival_statuary, layout_basic
D:2:      layout_basic
D:3:      layout_basic

Skill      XL: |  1  2  3 |
---------------+----------+-----
Spellcasting   | 5 |  5.5
Conjurations   | 2 |  2.1
Fighting       | 1 |  1.0
Armour         | 1 |  1.0
Dodging        | |  2.6
Stealth        | |  2.6
Summonings     | |  1.1
Translocations | |  1.1

Action                     |  1- 3 |  4- 6 || total
---------------------------+-------+-------++-------
  Melee: Dagger            |     5 |       ||     5
         Whip              |       |     1 ||     1
   Fire: Sling             |    54 |       ||    54
   Cast: Magic Dart        |    58 |     7 ||    65
         Mephitic Cloud    |     1 |       ||     1
         Stone Arrow       |       |     3 ||     3
         Call Imp          |       |     1 ||     1
 Armour: Robe              |    15 |     2 ||    17
  Dodge: Dodged            |    32 |     1 ||    33

Table legend: (Time is in decaauts)
 A = Elapsed time spent in this place.
 B = Non-inter-level travel time spent in this place.
 C = Inter-level travel time spent in this place.
 D = Time resting spent in this place.
 E = Time spent auto-exploring this place.
 F = Levels seen in this place.
 G = Mean time per level.
                   A        B        C        D        E       F      G
               +--------+--------+--------+--------+--------+-----+--------+
         Total |   2154 |   2088 |     66 |      0 |   1830 |   3 |  718.0 |
       Dungeon |   2154 |   2088 |     66 |      0 |   1830 |   3 |  718.0 |
               +--------+--------+--------+--------+--------+-----+--------+

Top non-repeatable levels by time:
     D:1: 1214 daAuts
     D:2: 887 daAuts
     D:3: 51 daAuts
